 Dungeon Crawl Stone Soup version 0.27-a0-95-g5a9077b8ae (webtiles) character file.

Game seed: 8452290434963145868

111 dickylongcocking the Stinger (level 4, -1/27 HPs)
             Began as an Octopode Venom Mage on Jan 17, 2021.
             Slain by a sky beast (6 damage)
             ... on level 5 of the Dungeon.
             The game lasted 00:02:49 (2403 turns).

dickylongcocking the Stinger (Octopode Venom Mage)  Turns: 2403, Time: 00:02:50

Health: -1/27      AC:  1    Str:  7    XL:     4   Next: 92%
Magic:  7/8        EV: 18    Int: 18    God:
Gold:   114        SH:  0    Dex: 18    Spells: 4/8 levels left

rFire    . . .     SeeInvis +   e - +0 dagger
rCold    . . .     Faith    .   (no shield)
rNeg     . . .     Spirit   .   (helmet restricted)
rPois    .         Reflect  .   (no amulet)
rElec    .         Harm     .   b - +4 ring of evasion
rCorr    .         Rampage  .   i - ring of see invisible
Will     +....                  k - +6 ring of dexterity
Stlth    ++++......             o - ring of willpower
HPRegen  0.09/turn              (no ring)
MPRegen  0.11/turn              (no ring)
                                (no ring)
                                (no ring)

@: hasted, very quick
A: almost no armour, stealthy swim, amphibious, 8 rings, constrict 8, camouflage
1, gelatinous body 1
a: no special abilities


You were on level 5 of the Dungeon.
You visited 1 branch of the dungeon, and saw 5 of its levels.

You collected 114 gold pieces.

Inventory:

Hand Weapons
 e - a +0 dagger (weapon)
Jewellery
 b - a +4 ring of evasion (left tentacle)
 i - a ring of see invisible (right tentacle)
 k - a +6 ring of dexterity (on tentacle)
 o - a ring of willpower (on tentacle)
Scrolls
 a - 2 scrolls of identify {unknown}
 c - 2 scrolls of remove curse {unknown}
 d - 3 scrolls of blinking {unknown}
 h - a scroll of teleportation {unknown}
 j - a scroll of enchant weapon {unknown}
 l - 2 scrolls of enchant armour {unknown}
 m - 2 scrolls of random uselessness {unknown}
Potions
 n - a potion of might


   Skills:
 - Level 2.2 Dodging
 - Level 3.2 Stealth
 - Level 0.3 Unarmed Combat
 * Level 2.9 Spellcasting
 * Level 2.0 Transmutations
 * Level 4.8 Poison Magic


You had 4 spell levels left.
You knew the following spells:

 Your Spells              Type           Power        Failure   Level
a - Sting                 Tmut/Pois      60%          4%          1
i - Ignite Poison         Fire/Tmut/Pois 10%          19%         3

Your spell library contained the following spells:

 Spells                   Type           Power        Failure   Level
 Poisonous Vapours        Pois/Air       22%          10%         2
 Olgreb's Toxic Radiance  Pois           20%          22%         4
 Mephitic Cloud           Conj/Pois/Air  8%           26%         3


Dungeon Overview and Level Annotations

Branches:
Dungeon (6/15)
 Temple: D:4-7

Altars:
Xom


Innate Abilities, Weirdness & Mutations

You cannot wear most types of armour.
You are very stealthy in the water. (Stealth+)
You are amphibious.
You can wear up to eight rings at the same time.
You can use your tentacles to constrict eight enemies at once.
Your skin changes colour to match your surroundings (Stealth+).
Your rubbery body absorbs attacks. (AC +1, EV +1)


Message History

Casting: Sting (safe; 4% risk of failure)
Confirm with . or Enter, or press ? or * to list all spells.
Aiming: Sting (safe; 4% risk of failure)
Press: ? - help, Shift-Dir - straight line, f - sky beast
Aim: a sky beast (36% to evade)
The sting misses the sky beast.
Unknown command.
Unknown command.
The sky beast hits you. The sky beast shocks you.
* * * LOW HITPOINT WARNING * * *
Casting: Sting (safe; 4% risk of failure)
Confirm with . or Enter, or press ? or * to list all spells.
Aiming: Sting (safe; 4% risk of failure)
Press: ? - help, Shift-Dir - straight line, f/p - sky beast
Aim: a sky beast (36% to evade)
Okay, then.
You feel yourself speed up. The sky beast hits you.
* * * LOW HITPOINT WARNING * * *
The sky beast shocks you.
You die...

###########
#.........#
#.........#
#.........# ###
#...[.....# ..#
#......>..######.#
#(........##.....#
#...........o.#.##
#...........#.Y@.#
##.?..)....####.###
...........# #.#
#.B......### ..#
..[#...#.......##
./.#..#...##### ..
.....#...
###..##....## ....
.#...


You could see a sky beast and an orc.

Vanquished Creatures
  4 adders
  2 white imps (D:5)
  2 dart slugs (D:1)
  2 leopard geckos
  3 orcs
  A ball python (D:2)
  A giant cockroach (D:1)
  5 goblins
  8 hobgoblins
  2 quokkas (D:3)
  2 bats
  9 kobolds
  9 rats
50 creatures vanquished.

Notes
Turn   | Place    | Note
-------+----------+-------------------------------------------
     0 | D:1      | dickylongcocking the Octopode Venom Mage began the quest
                  | for the Orb.
     0 | D:1      | Reached XP level 1. HP: 11/11 MP: 3/3
   119 | D:1      | Reached XP level 2. HP: 17/17 MP: 0/5
   195 | D:1      | Reached skill level 4 in Poison Magic
   648 | D:1      | Reached XP level 3. HP: 10/21 MP: 2/6
   913 | D:1      | Found a shimmering altar of Xom.
  1363 | D:2      | Reached XP level 4. HP: 24/27 MP: 3/7
  2277 | D:3      | You fall into a shaft and drop 3 floors!
  2282 | D:5      | Entered Level 5 of the Dungeon
  2314 | D:5      | Learned a level 3 spell: Ignite Poison
  2382 | D:5      | Noticed a sky beast
  2403 | D:5      | Slain by a sky beast

Illustrated notes

Levels and vault maps discovered:
D:1:      dpeg_arrival_lava_altar, layout_rooms
D:2:      layout_basic, minmay_tripent
D:3:      layout_rooms
D:5:      layout_rooms, minmay_temple_entry_wispy, nicolae_ossuary_entry_plus
D:6:      cheibrodos_iron_armory, layout_loops_corners, lemuel_doored_altar,
          makhleb_heckhound_becter, uniq_pikel

Skill      XL: |  1  2  3  4 |
---------------+-------------+-----
Stealth        | 3 |  3.2
Poison Magic   | 4 |  4.8
Transmutations | 2 |  2.0
Dodging        | |  2.2
Unarmed Combat | |  0.3
Spellcasting   | |  2.9

Action                   |  1- 3 |  4- 6 || total
-------------------------+-------+-------++-------
Melee: Unarmed           |    26 |       ||    26
       Constrict         |    12 |     7 ||    19
       Tentacles         |     7 |     3 ||    10
       Dagger            |    18 |    19 ||    37
 Cast: Sting             |    35 |    31 ||    66
  Use: Potion            |     1 |     6 ||     7
 Stab: Sleeping          |     5 |     4 ||     9
Armor: Skin              |     3 |     1 ||     4
Dodge: Dodged            |    53 |    32 ||    85

Table legend: (Time is in decaauts)
 A = Elapsed time spent in this place.
 B = Non-inter-level travel time spent in this place.
 C = Inter-level travel time spent in this place.
 D = Time resting spent in this place.
 E = Time spent auto-exploring this place.
 F = Levels seen in this place.
 G = Mean time per level.
                   A        B        C        D        E       F      G
               +--------+--------+--------+--------+--------+-----+--------+
         Total |   2380 |   2324 |     56 |    403 |   1526 |   5 |  476.0 |
       Dungeon |   2380 |   2324 |     56 |    403 |   1526 |   5 |  476.0 |
               +--------+--------+--------+--------+--------+-----+--------+

Top non-repeatable levels by time:
     D:1: 948 daAuts
     D:2: 808 daAuts
     D:3: 497 daAuts
     D:5: 120 daAuts
     D:6: 4 daAuts
